Map: Beckett Industries LE

Players

Osiris

  • Race: Terran Terran
  • League: Master

secret - Winner!

  • Race: Protoss Protoss
  • League: Master

VOD

Have the link to the VOD?

Description

Time

  • Played on: May 25, 2021, 9:16 p.m.
  • Length: 8:56
Show
View Real Time Build Order
Export as new Build Order

Osiris Terran 

Build Orders: Reaper Expand 

Get SALT Encoding   

  12  0:00  SCV  
  13  0:12  SCV  
  14  0:17  Supply Depot  
  14  0:25  SCV  
  15  0:38  SCV  
  15  0:39  Barracks  
  16  0:44  Refinery  
  16  0:50  SCV  
  17  1:03  SCV  
  18  1:15  SCV  
  19  1:26  Reaper  
  19  1:27  Orbital Command  
  20  1:45  Command Center  
  20  1:54  Supply Depot  
  20  1:57  SCV  
  21  2:06  Marine  
  22  2:09  SCV  
  23  2:17  Factory  
  23  2:20  Bunker  
  23  2:23  SCV  
  23  2:25  Barracks Reactor  
  24  2:31  Refinery  
  24  2:35  SCV  
  25  2:47  SCV  
  26  2:58  Orbital Command  
  26  2:59  SCV  
  26  3:02  Hellion, Marine x2  
  31  3:06  Starport  
  31  3:11  SCV  
  32  3:20  Marine x2  
  32  3:26  Factory Tech Lab  
  34  3:30  SCV  
  34  3:31  SCV  
  36  3:38  Supply Depot  
  36  3:40  Marine x2  
  38  3:42  SCV  
  39  3:50  Barracks  
  39  3:51  Factory Tech Lab, Raven  
  39  3:52  SCV  
  42  4:02  Supply Depot  
  42  4:07  SCV  
  42  4:08  SCV  
  44  4:14  Siege Tank  
  45  4:17  Marine x2  
  45  4:19  SCV, Barracks  
  47  4:30  SCV  
  48  4:32  SCV  
  48  4:33  Engineering Bay  
  48  4:34  Refinery  
  48  4:35  Supply Depot  
  49  4:45  Marine x2  
  51  4:46  SCV  
  51  4:52  SCV  
  53  4:55  Stimpack, Marine  
  53  4:59  SCV  
  55  5:02  Terran Infantry Weapons Level 1  
  55  5:06  Marine x2  
  57  5:08  Starport Reactor, Factory Reactor  
  57  5:09  SCV  
  58  5:16  Marauder  
  58  5:20  Marauder, Refinery  
  62  5:21  Combat Shield  
  62  5:22  SCV  
  62  5:23  SCV  
  62  5:25  Marine x2  
  66  5:30  Supply Depot  
  66  5:34  SCV, Supply Depot  
  67  5:37  Marauder  
  67  5:40  SCV  
  67  5:41  Marauder  
  72  5:45  Widow Mine x2  
  72  5:46  SCV  
  72  5:49  Marine  
  78  5:51  Marine  
  78  5:52  Supply Depot  
  78  5:57  Supply Depot  
  78  5:59  Marauder  
  78  6:03  Marauder  
  82  6:05  SCV x2  
  82  6:07  Medivac x2  
  82  6:08  Widow Mine x2  
  82  6:09  Marine  
  93  6:17  SCV, Marine  
  95  6:20  Supply Depot  
  95  6:21  SCV  
  95  6:23  Marauder  
  95  6:24  Supply Depot  
  98  6:43  Supply Depot  
  98  6:46  Marine  
  98  6:47  Marauder x2  
  103  6:49  Command Center  
  103  6:52  SCV  
  103  6:53  SCV  
  105  6:56  Terran Infantry Armor Level 1  
  105  6:58  Supply Depot  
  105  7:00  Supply Depot  
  105  7:04  SCV  
  105  7:05  Marine  
  105  7:06  Marine  
  105  7:07  Medivac  
  92  7:30  Marine  
  92  7:31  Marauder x2, Marine  
  92  7:32  Widow Mine x2, Medivac  
  92  7:36  SCV  
  92  7:37  SCV, Medivac  
  82  7:48  Marine x2  
  82  7:49  Barracks  
  82  7:52  Barracks, Marauder  
  84  8:00  Marauder  
  84  8:01  Widow Mine x2  
  84  8:02  Orbital Command  
  90  8:07  SCV  
  90  8:09  Marine x2  
  93  8:14  Engineering Bay  
  93  8:19  Armory  
  95  8:20  Marauder  
  95  8:22  SCV  
  95  8:23  SCV  
  85  8:34  Marine x2  
  85  8:35  Marauder  
  85  8:41  Barracks Tech Lab  
  77  8:42  SCV  
Show
View Real Time Build Order
Export as new Build Order

secret Protoss - Winner!

Build Orders: 1 Gate Expand, Blink Stalkers 

Get SALT Encoding   

  12  0:01  Probe  
  13  0:13  Probe  
  14  0:18  Pylon  
  14  0:25  Probe (Chrono Boost)  
  15  0:37  Probe (Chrono Boost)  
  15  0:41  Gateway  
  16  0:45  Assimilator  
  16  0:46  Probe (Chrono Boost)  
  17  0:55  Probe (Chrono Boost)  
  18  1:01  Pylon  
  18  1:04  Assimilator  
  18  1:08  Probe (Chrono Boost)  
  19  1:17  Probe (Chrono Boost)  
  20  1:32  Cybernetics Core  
  20  1:39  Nexus  
  20  1:49  Pylon  
  20  1:53  Probe  
  21  2:00  Assimilator  
  21  2:05  Probe  
  21  2:08  Stalker (Chrono Boost)  
  23  2:19  Probe  
  24  2:28  Robotics Facility  
  24  2:32  Warp Gate  
  25  2:37  Probe  
  25  2:42  Stalker  
  27  2:50  Probe (Chrono Boost)  
  28  2:53  Probe (Chrono Boost)  
  29  3:05  Probe (Chrono Boost), Twilight Council  
  31  3:07  Probe (Chrono Boost)  
  31  3:10  Probe (Chrono Boost)  
  32  3:13  Probe  
  32  3:16  Observer (Chrono Boost)  
  34  3:23  Gateway  
  34  3:26  Gateway  
  34  3:30  Probe x2  
  36  3:37  Blink (Chrono Boost)  
  36  3:42  Probe  
  36  3:43  Probe  
  36  3:46  Assimilator  
  38  3:49  Pylon  
  38  3:55  Stalker  
  40  3:59  Probe  
  41  4:05  Observer  
  41  4:09  Probe  
  43  4:11  Probe  
  44  4:21  Probe  
  44  4:23  Probe  
  46  4:27  Pylon  
  46  4:33  Probe  
  46  4:35  Probe  
  48  4:39  Nexus  
  48  4:45  Probe, Stalker x2  
  53  4:47  Probe  
  53  4:50  Stalker  
  53  4:51  Observer  
  56  4:58  Forge  
  56  5:01  Forge x2  
  56  5:04  Probe  
  57  5:17  Charge (Chrono Boost), Pylon  
  57  5:18  Observer  
  57  5:19  Probe  
  58  5:26  Probe  
  59  5:31  Probe  
  59  5:35  Protoss Ground Armor Level 1 (Chrono Boost)  
  60  5:37  Gateway  
  60  5:38  Probe  
  61  5:43  Probe  
  61  5:45  Protoss Ground Weapons Level 1 (Chrono Boost)  
  61  5:48  Gateway  
  62  5:50  Probe  
  62  5:52  Gateway  
  62  5:55  Probe  
  64  6:02  Probe, Gateway  
  64  6:04  Gateway  
  65  6:07  Zealot, Sentry x2  
  65  6:08  Gateway  
  65  6:11  Pylon  
  71  6:12  Pylon  
  71  6:21  Probe x2  
  71  6:23  Pylon  
  71  6:25  Pylon  
  73  6:39  Zealot x4  
  81  6:41  Probe  
  81  6:42  Probe x2  
  81  6:46  Warp Prism  
  86  6:58  Zealot x3  
  86  6:59  Zealot  
  86  7:00  Zealot x3  
  100  7:06  Pylon  
  100  7:20  Zealot x6  
  100  7:21  Zealot x2  
  84  7:40  Stalker x5  
  84  7:41  Stalker x3  
  94  7:54  Nexus  
  94  8:02  Assimilator x2  
  94  8:04  Templar Archives  
  94  8:15  Zealot x2  
  94  8:16  Zealot x4  
  106  8:22  Assimilator, Probe x3  
  106  8:23  Observer  
  97  8:39  Zealot x8  
Tags
 
Add a new tag
Caveats
  • Supply blocks, unpowered buildings, or Contaminate may cause inaccurate times.
  • Supply counts are checked every 10 seconds.